 Dungeon Crawl Stone Soup version 0.23.2 (webtiles) character file.

Game seed: 15562427798266057332

75 Borgoz the Cutter (level 4, -1/27 HPs)
             Began as a Kobold Gladiator on Apr 10, 2019.
             Slain by a gnoll
             ... wielding a +0 halberd
              (9 damage)
             ... on level 2 of the Dungeon.
             The game lasted 00:02:42 (1215 turns).

Borgoz the Cutter (Kobold Gladiator)                Turns: 1215, Time: 00:02:43

Health: -1/27      AC:  4    Str: 17    XL:     4   Next: 55%
Magic:  5/5        EV: 16    Int:  9    God:
Gold:   27         SH:  0    Dex: 16    Spells: 5/5 levels left

rFire    . . .     SeeInvis .   e - +0 dagger (speed)
rCold    . . .     Gourm    .   (shield restricted)
rNeg     . . .     Faith    .   b - +0 leather armour
rPois    .         Spirit   .   c - +0 helmet
rElec    .         Reflect  .   l - scarf {repulsion}
rCorr    .         Harm     .   (no gloves)
MR       .....                  (no boots)
Stlth    ++........             (no amulet)
HPRegen  0.09/turn              (no ring)
MPRegen  0.09/turn              (no ring)

@: mighty, repel missiles
A: small, carnivore
a: no special abilities


You were on level 2 of the Dungeon.
You were completely stuffed.

You visited 1 branch of the dungeon, and saw 2 of its levels.

You collected 27 gold pieces.

Inventory:

Hand Weapons
 a - a +0 rapier
 e - a +0 dagger of speed (weapon)
Missiles
 d - 3 throwing nets (quivered)
Armour
 b - a +0 leather armour (worn)
 c - a +0 helmet (worn)
 l - a scarf of repulsion (worn)
Scrolls
 k - a scroll of identify
 m - a scroll of teleportation {unknown}
Potions
 i - 2 potions of curing
 j - a potion of mutation {unknown}
Comestibles
 f - 4 rations
 h - a chunk of flesh


   Skills:
 + Level 2.7 Fighting
 + Level 4.3 Short Blades
 - Level 2.1 Throwing
 * Level 1.5 Armour
 + Level 4.0 Dodging
 + Level 2.0 Stealth
 + Level 1.2 Spellcasting


You had 5 spell levels left.
You didn't know any spells.
Your spell library was empty.

Dungeon Overview and Level Annotations

Branches:
Dungeon (2/15)

Altars:


Innate Abilities, Weirdness & Mutations

You are small and have problems with some larger weapons.
You are carnivorous and can eat meat at any time.


Message History

You hit the gnoll.
The gnoll is almost dead.
The gnoll closely misses you.
You puncture the gnoll!
You kill the gnoll!
Your Stealth skill increases to level 2!
The gnoll barely misses you.
Things that are here:
a cursed -2 whip; a +0 flail; a gnoll corpse You barely miss the gnoll.
You hit the gnoll.
The gnoll is heavily wounded.
The gnoll hits you with a +0 halberd!
* * * LOW HITPOINT WARNING * * *
You hit the gnoll.
The gnoll is almost dead.
You closely miss the gnoll.
The gnoll is almost dead.
The gnoll hits you with a +0 halberd!
You die...

###.###### ##
#......... #.
####......... #.
#............ #.
#.........### #.
####.........### #.
#.[.............
#.###.............##
#..@gg............##
#.###........>......
#.#[................
#.#.#....>..........
#.#.#...............
#.# #...............
#. #...............
#. #...............
#...............


You could see 2 gnolls.

Vanquished Creatures
  2 adders (D:2)
  2 gnolls (D:2)
  3 dart slugs
  A ball python (D:2)
  A giant cockroach (D:1)
  2 hobgoblins (D:1)
  4 jackals
  A quokka (D:2)
  A bat (D:2)
  A frilled lizard (D:1)
  6 goblins
  3 kobolds
  6 rats
33 creatures vanquished.

Vanquished Creatures (others)
  4 toadstools (D:1)
4 creatures vanquished.

Grand Total: 37 creatures vanquished

Notes
Turn   | Place    | Note
-------+----------+-------------------------------------------
     0 | D:1      | Borgoz the Kobold Gladiator began the quest for the Orb.
     0 | D:1      | Reached XP level 1. HP: 12/12 MP: 1/1
   134 | D:1      | Reached XP level 2. HP: 17/17 MP: 2/2
   381 | D:1      | Reached skill level 1 in Stealth
   636 | D:1      | Reached XP level 3. HP: 22/22 MP: 3/3
   670 | D:1      | Reached skill level 1 in Armour
   979 | D:2      | Reached skill level 1 in Spellcasting
   998 | D:2      | Reached XP level 4. HP: 15/27 MP: 5/5
  1215 | D:2      | Slain by a gnoll

Skill      XL: |  1  2  3  4 |
---------------+-------------+-----
Stealth        | 1 2 |  2.0
Armour         | 1 |  1.5
Spellcasting   | 1 |  1.2
Dodging        | 4 |  4.0
Fighting       | |  2.7
Short Blades   | |  4.3
Throwing       | |  2.1

Action                   |  1- 3 |  4- 6 || total
-------------------------+-------+-------++-------
Melee: Rapier            |     6 |       ||     6
       Dagger            |   137 |    14 ||   151
Throw: Throwing net      |     1 |       ||     1
  Use: Scroll            |     5 |       ||     5
       Potion            |       |     1 ||     1
 Stab: Sleeping          |     2 |       ||     2
  Eat: Chunk             |     9 |       ||     9
Armor: Leather armour    |    16 |       ||    16
Dodge: Dodged            |    64 |     8 ||    72
